[Event "Early-Titled-Tuesday-Blitz-March-19-2024"]
[Site "Chess.com"]
[Date "2024.03.19"]
[Round "1"]
[White "HansOnTwitch"]
[Black "LiadCuba"]
[Result "1-0"]
[WhiteElo "3073"]
[BlackElo "2564"]
[TimeControl "180+1"]
[EndTime "8:07:28 PDT"]
[Termination "HansOnTwitch won on time"]

1. c4 Nf6 2. Nc3 c5 3. g3 e6 4.
Nf3 d5 5. cxd5 exd5 6. d4 Nc6 7.
Bg2 Be6 8. O-O cxd4 9. Nxd4 Bc5 10. Nb3 Bb6 11. Na4 O-O 12. Nxb6 axb6 13. Be3 Ra6 14. a3 Na5 15. Nd4 Nc4 16. Bc1 Qe7 17. a4 Rfa8 18. b3 Nd6 19. Bb2 Nde4 20. Rc1 Nc5 21. Rc3 Nfe4 22. Re3 Qd7 23. Nxe6 fxe6 24. Qd4 Nf6 25. Bh3 Re8 26. Rd1 Qc6 27. Rc1 Qd6 28. Qh4 Ncd7 29. Rec3 Raa8 30. R3c2 b5 31. axb5 Qb6 32. Qb4 Ne4 33.
Bd4 Qd8 34. Rc7 Qg5 35. Be3 Qh5 36. Bg2 Ndf6 37. Bf3 Qg6 38. Rxb7 Rac8 39. Rbc7 Rxc7 40. Rxc7 Ng5 41. Bxg5 Qxg5 42. b6 e5 43. b7 e4 44.
b8=Q exf3 45. exf3 Qh5 46. Qe7 1-0

[Event "Early-Titled-Tuesday-Blitz-March-19-2024"]
[Site "Chess.com"]
[Date "2024.03.19"]
[Round "1"]
[White "madmax011"]
[Black "ansko1999"]
[Result "1/2-1/2"]
[WhiteElo "2316"]
[BlackElo "2645"]
[TimeControl "180+1"]
[EndTime "8:07:30 PDT"]
[Termination "Game drawn by repetition"]

1. d4 d5 2. c4 e6 3. Nc3 c6 4. e3 Bd6 5. Bd3 f5 6. Nf3 Nf6 7. Ne5 O-O 8. O-O Nbd7 9. f4 Ne4 10. Nb1 Nxe5 11. fxe5 Be7 12. Bxe4 fxe4 13. Rxf8+ Qxf8 14. Nc3 Bd7 15. Qe2 Qf5 16. Bd2 Rf8 17. Rf1 Qxf1+ 18. Qxf1 Rxf1+ 19. Kxf1 Be8 20. cxd5 cxd5 21. a3 Kf7 22. Na2 Bb5+ 23. Kf2 Bc4 24. Nb4 Bb3 25. g4 a5 26. Nxd5 Bxd5 27. Bxa5 Bh4+ 28. Kg2 Ke8 29. Bb4 Kd7 30. Bf8 g6 31. Kf1 Bc4+ 32. Kg2 Be2 33.
h3 Bf3+ 34. Kf1 Kc6 35. a4 Bd1 36. a5 Kb5 37. b4 Bf3 38. Bd6 Kc4 39. Bf8 h5 40.
gxh5 gxh5 41. Bd6 Bg5 42. Kf2 Bh4+ 43. Kf1 Bg3 44. Bf8 Bh4 45. Bd6 1/2-1/2

[Event "Early-Titled-Tuesday-Blitz-March-19-2024"]
[Site "Chess.com"]
[Date "2024.03.19"]
[Round "1"]
[White "NovakRatko"]
[Black "AlexOstrovskiy"]
[Result "0-1"]
[WhiteElo "2402"]
[BlackElo "2740"]
[TimeControl "180+1"]
[EndTime "8:07:31 PDT"]
[Termination "AlexOstrovskiy won by resignation"]

1. d4 Nf6 2. c4 e5 3. dxe5 Ng4 4.
Nf3 Bc5 5. e3 Nc6 6. a3 a5 7.
Be2 O-O 8. Nc3 Re8 9. Rb1 Ncxe5 10. Nxe5 Nxe5 11. b4 axb4 12. axb4 Bf8 13. f4 Ng6 14. O-O d6 15. e4 c6 16. Kh1 Qh4 17. g3 Qe7 18. Bf3 Bh3 19. Re1 Qd7 20. Bb2 Be7 21.
Ne2 Bg4 22. Nd4 Bxf3+ 23. Qxf3 Bf6 24. Nf5 Bxb2 25. Rxb2 Ne7 26. Nd4 Ra4 27. Rd1 Rea8 28. f5 Ra1 29. Rd2 Rxd1+ 30. Rxd1 c5 31. Nb5 cxb4 32. f6 gxf6 33. Qxf6 Ng6 34. Rxd6 Qe8 35. Rd4 b3 36. Nc7 b2 37. Nxe8 b1=Q+ 38. Kg2 Rxe8 39. Qf5 Qb2+ 40. Rd2 Qxd2+ 0-1

[Event "Early-Titled-Tuesday-Blitz-March-19-2024"]
[Site "Chess.com"]
[Date "2024.03.19"]
[Round "1"]
[White "Kislov_Oleg"]
[Black "Grischuk"]
[Result "0-1"]
[WhiteElo "2570"]
[BlackElo "3097"]
[TimeControl "180+1"]
[EndTime "8:07:32 PDT"]
[Termination "Grischuk won by resignation"]

1. e4 e5 2. Nf3 Nc6 3. d4 exd4 4. Nxd4 Qf6 5. Be3 Bc5 6. c3 Nge7 7. Bc4 b6 8. O-O Bb7 9. Nc2 Ne5 10. Bb5 Bxe4 11. Bxc5 bxc5 12. Re1 Bxc2 13. Qxc2 O-O 14. Nd2 d6 15.
Re2 Rab8 16. Ba4 Nd5 17. g3 Nb6 18. f4 Nec4 19. Bb3 Nxd2 20. Qxd2 d5 21. Rae1 c4 22. Bc2 c5 23. Re5 g6 24. Qf2 Rbc8 25. Re7 d4 26. Rxa7 dxc3 27. bxc3 Qxc3 28. Ree7 Nd5 29. Red7 Nf6 30.
Re7 Nd5 31. Red7 Nb4 32. Be4 Rce8 33. Bf3 Nd3 34. Rxd3 cxd3 35. Bd5 d2 36. Bb3 Qxb3 37. axb3 d1=Q+ 38. Kg2 Re2 0-1

[Event "Early-Titled-Tuesday-Blitz-March-19-2024"]
[Site "Chess.com"]
[Date "2024.03.19"]
[Round "1"]
[White "kpio91"]
[Black "Vasily85"]
[Result "1-0"]
[WhiteElo "2832"]
[BlackElo "2463"]
[TimeControl "180+1"]
[EndTime "8:07:32 PDT"]
[Termination "kpio91 won by resignation"]

1. g3 Nf6 2. Bg2 c5 3. Nf3 g6 4.
O-O Bg7 5. c4 Nc6 6. d4 cxd4 7.
Nxd4 O-O 8. Nc2 d6 9. Nc3 Bd7 10. b3 Qa5 11. Bb2 Rfc8 12. Ne3 a6 13. a3 Qh5 14. Qd2 b5 15. cxb5 axb5 16. Ncd5 Nxd5 17. Nxd5 Rab8 18. Rac1 Bxb2 19. Qxb2 Re8 20. Nc7 Rec8 21.
Bxc6 Rxc7 22. Bf3 Rxc1 23. Bxh5 Rxf1+ 24. Kxf1 gxh5 25. f3 Be6 26. b4 h4 27. g4 Rc8 28.
Qd2 f6 29. Qe3 Kf7 30. Qh6 Ke8 31. Qxh7 Kd7 32. Qd3 Rc1+ 33. Kf2 Bc4 34. Qd2 Ra1 35. Qh6 Ra2 36. Qxh4 Rxe2+ 37. Kg3 Ra2 38. Qh7 Rxa3 39. Qe4 Rb3 40. h4 Rxb4 41. h5 Ra4 42. h6 Ra8 43.
Qxa8 1-0

[Event "Early-Titled-Tuesday-Blitz-March-19-2024"]
[Site "Chess.com"]
[Date "2024.03.19"]
[Round "1"]
[White "abelmat"]
[Black "blank0923"]
[Result "0-1"]
[WhiteElo "2075"]
[BlackElo "2590"]
[TimeControl "180+1"]
[EndTime "8:07:33 PDT"]
[Termination "blank0923 won by checkmate"]

1. c4 g6 2. Nc3 Bg7 3. d4 c5 4. Nf3 cxd4 5. Nxd4 Nc6 6. Nf3 Nf6 7. g3 O-O 8. Bg2 d6 9. O-O Be6 10. Nd5 Rc8 11.
Bg5 Bxd5 12. cxd5 Nb4 13. Bxf6 Bxf6 14. a3 Na6 15. Rb1 Qb6 16. b4 Rc3 17. Rb3 Rfc8 18. h3 Rxb3 19. Qxb3 Rc3 20. Qa4 Nc7 21. Rd1 Nb5 22. Rd3 Rc1+ 23. Kh2 Kg7 24. Re3 a6 25. Qb3 Nd4 26. Nxd4 Qxd4 27. Qd3 Qb2 28. h4 Rc3 29. Qe4 Rxa3 30. Rxa3 Qxa3 31. h5 gxh5 32. Qf5 h4 33. Be4 hxg3+ 34. fxg3 Qe3 35. Qxh7+ Kf8 36. Bf3 Be5 37. Qh4 Ke8 38. Qg4 Kd8 39. Qg8+ Kc7 40. Qxf7 Qf2+ 41. Kh3 Qxg3# 0-1

[Event "Early-Titled-Tuesday-Blitz-March-19-2024"]
[Site "Chess.com"]
[Date "2024.03.19"]
[Round "1"]
[White "shimastream"]
[Black "DishonorOnYourCow"]
[Result "1-0"]
[WhiteElo "3018"]
[BlackElo "2552"]
[TimeControl "180+1"]
[EndTime "8:07:34 PDT"]
[Termination "shimastream won on time"]

1. Nf3 Nf6 2. c4 g6 3. Nc3 d5 4.
cxd5 Nxd5 5. Qa4+ Bd7 6. Qh4 Nxc3 7. bxc3 Bg7 8. Rb1 b6 9. e4 c5 10. Bc4 e6 11. Qxd8+ Kxd8 12. d4 cxd4 13. cxd4 Nc6 14. Bg5+ Ke8 15. Be3 Na5 16. Bd3 Rc8 17. Ke2 Ke7 18. Bg5+ f6 19. Bd2 Nc4 20. Bb4+ Kf7 21.
Rhc1 b5 22. Bc5 Rb8 23. Bxc4 bxc4 24. Nd2 a6 25. Nxc4 Bh6 26. Ne3 Bb5+ 27. Kf3 Bd3 28.
Rxb8 Rxb8 29. Rc3 Bb1 30. a3 f5 31. exf5 gxf5 32. Ke2 Rb2+ 33. Ke1 Be4 34. g3 Ra2 35. Bb4 Bf3 36. Rc7+ Kf6 37. Bc3 Kg6 38. Nc4 Bg5 39.
Ne5+ Kh5 40. Nxf3 Bf6 41. Rc6 1-0

[Event "Early-Titled-Tuesday-Blitz-March-19-2024"]
[Site "Chess.com"]
[Date "2024.03.19"]
[Round "1"]
[White "Juicy_Fork"]
[Black "FaustinoOro"]
[Result "1-0"]
[WhiteElo "2534"]
[BlackElo "2903"]
[TimeControl "180+1"]
[EndTime "8:07:35 PDT"]
[Termination "Juicy_Fork won by resignation"]

1. e4 e5 2. Nf3 Nc6 3. Bb5 a6 4. Ba4 Nf6 5. O-O b5 6. Bb3 Bc5 7. a4 Rb8 8. c3 d6 9. d4 Bb6 10. axb5 axb5 11. Qd3 O-O 12. Bg5 h6 13. Bxf6 Qxf6 14.
Qxb5 Bd7 15. d5 Nd4 16. Qxd7 Nxb3 17. Ra3 Nc5 18. Qg4 Rfd8 19. Nbd2 Nd3 20. Nc4 Bc5 21.
b4 Bb6 22. Nxb6 Rxb6 23. Rfa1 c5 24. bxc5 Nxc5 25. h3 g6 26. Ra8 Rbb8 27. R8a7 Rb7 28. Rxb7 Nxb7 29. Ra7 Nc5 30. Rc7 Kg7 31. Nd2 Ra8 32.
Qf3 Ra2 33. Nc4 Ra6 34. Qxf6+ Kxf6 35. Rc6 Ra1+ 36. Kh2 Nxe4 37. Nxd6 Nxd6 38. Rxd6+ Kf5 39. Rd7 f6 40. c4 Rc1 41. Rc7 e4 42. d6 Ke5 43. c5 Ke6 44. d7 Ke7 45. c6 1-0

[Event "Early-Titled-Tuesday-Blitz-March-19-2024"]
[Site "Chess.com"]
[Date "2024.03.19"]
[Round "1"]
[White "Yeritsyaan"]
[Black "LuisFSiles"]
[Result "1/2-1/2"]
[WhiteElo "2638"]
[BlackElo "2284"]
[TimeControl "180+1"]
[EndTime "8:07:35 PDT"]
[Termination "Game drawn by repetition"]

1. Nf3 Nf6 2. g3 g6 3. Bg2 Bg7 4. O-O O-O 5. d3 c5 6. Nbd2 Nc6 7. e4 d6 8. c3 Rb8 9. a4 a6 10. Re1 b5 11. axb5 axb5 12. Nf1 b4 13. Bd2 bxc3 14.
Bxc3 e5 15. Ne3 Be6 16. Ng5 Bb3 17. Qd2 h6 18. Nf3 Nd4 19. Bxd4 cxd4 20. Nc4 Bxc4 21. dxc4 Rb3 22. Ra3 Qb6 23. Rxb3 Qxb3 24. c5 dxc5 25. Nxe5 Rb8 26. Qc1 Qxb2 27. Qxc5 Qc3 28. Qxc3 dxc3 29. Rc1 Nxe4 30. Nc6 Re8 31. Re1 Nd6 32. Rc1 Nb5 33. Bd5 Nd4 34. Nxd4 Bxd4 35. Rc2 Re1+ 36. Kg2 Rd1 37.
Kf3 Rd2 38. Rxd2 cxd2 39. Bb3 Bc3 40. Ke4 Kg7 41. g4 g5 42. Kd3 Ba5 43. Ke4 Kf6 44. h3 Bb6 45. f3 Bc7 46. Kd3 Bf4 47. Ke2 Ke7 48. Kd1 f6 49. Ke2 Kd6 50. Kd3 Kc5 51. Bd1 Kb4 52. Be2 Kb3 53. Bd1+ Kb2 54. Ke2 Kc3 55. Ba4 Kd4 56. Bd1 Ke5 57. Kd3 Kd5 58.
Bb3+ Kc5 59. Bd1 Kb4 60. Kd4 Ka3 61. Kc3 Be3 62. Kc2 Kb4 63. Kd3 Bf4 1/2-1/2

[Event "Early-Titled-Tuesday-Blitz-March-19-2024"]
[Site "Chess.com"]
[Date "2024.03.19"]
[Round "1"]
[White "SharapovEvgeny"]
[Black "Vladimir_Zakhartsov"]
[Result "1-0"]
[WhiteElo "2571"]
[BlackElo "3020"]
[TimeControl "180+1"]
[EndTime "8:07:36 PDT"]
[Termination "SharapovEvgeny won by checkmate"]

1. e4 e6 2. d4 d5 3. Nc3 Nf6 4.
e5 Nfd7 5. f4 c5 6. Nf3 Nc6 7. Be3 cxd4 8. Nxd4 Qb6 9. Qd2 Qxb2 10. Rb1 Qa3 11. Bb5 Nxd4 12. Bxd4 Be7 13. O-O O-O 14. f5 Bc5 15. Bxd7 Bxd7 16. f6 Rfc8 17. Ne2 Bf8 18. Rb3 Qa4 19. fxg7 Bxg7 20. Rg3 Kh8 21. Rxf7 Rg8 22. Qg5 Qxc2 23. h4 h6 24. Qe7 Rge8 25.
Qxd7 Rad8 26. Qb5 a6 27. Qd3 Qxd3 28. Rxd3 b5 29. Nf4 Kg8 30. Ra7 Ra8 31. Rxa8 Rxa8 32.
Nxe6 Bh8 33. Nf4 Rf8 34. Nxd5 Rd8 35. Nf6+ Kf7 36. Kf2 Ke6 37. Ke3 b4 38. g4 a5 39. g5 hxg5 40. hxg5 Kf5 41. Rd2 Kxg5 42. Ke4 a4 43. Rg2+ Kh4 44. Bf2+ Kh3 45. Rg3+ Kh2 46. Ng4+ Kh1 47. Rg1# 1-0

[Event "Early-Titled-Tuesday-Blitz-March-19-2024"]
[Site "Chess.com"]
[Date "2024.03.19"]
[Round "1"]
[White "Matibar"]
[Black "semchik73"]
[Result "1-0"]
[WhiteElo "2787"]
[BlackElo "2429"]
[TimeControl "180+1"]
[EndTime "8:07:36 PDT"]
[Termination "Matibar won by checkmate"]

1. a3 Nf6 2. Nf3 d5 3. e3 c5 4.
c4 e6 5. d4 cxd4 6. exd4 Nc6 7. Nc3 dxc4 8. Bxc4 Bd6 9. O-O O-O 10. Bg5 h6 11.
Bh4 Be7 12. Re1 b6 13. Qd3 Bb7 14. Rad1 Na5 15. Ba2 Nd5 16. Bb1 g6 17. Rxe6 Nf4 18. Bxe7 Nxd3 19. Bxd8 fxe6 20. Be7 Nxb2 21. Re1 Rfe8 22.
Bh4 g5 23. Bg3 Rad8 24. Ne4 Rf8 25. h4 g4 26. Ne5 Rxd4 27. Nxg4 Bxe4 28. Bxe4 Nd3 29.
Nxh6+ Kg7 30. Bxd3 Kxh6 31. Rxe6+ Kh5 32. Be2+ Rg4 33.
Re5+ Kh6 34. Bxg4 Nc4 35. Re6+ Kg7 36. Re7+ Kg6 37. Rxa7 Rd8 38. Kh2 Rd2 39. Rc7 Rd4 40. Be2 Nxa3 41. Rc6+ Kf5 42. Rxb6 Nc2 43. Bh5 Ne1 44.
Bg6+ Kg4 45. f3+ Nxf3+ 46. gxf3+ Kxf3 47. Rb3+ Kg4 48. Rb2 Rd3 49. Bxd3 Kf3 50. Bf5 Ke3 51. Bg4 Kd3 52. Re2 Kc3 53. h5 Kd3 54. h6 Kd4 55. h7 Kc3 56. h8=Q+ Kd3 57. Qd8+ Kc4 58. Re7 Kc3 59. Rc7+ Kb3 60. Qb8+ Ka4 61. Ra7# 1-0

[Event "Early-Titled-Tuesday-Blitz-March-19-2024"]
[Site "Chess.com"]
[Date "2024.03.19"]
[Round "1"]
[White "Quattroporte300"]
[Black "Blitzstream"]
[Result "0-1"]
[WhiteElo "2473"]
[BlackElo "2840"]
[TimeControl "180+1"]
[EndTime "8:07:41 PDT"]
[Termination "Blitzstream won by resignation"]

1. e4 d5 2. exd5 Qxd5 3. Nf3 Bg4 4. Be2 Nc6 5. d4 O-O-O 6. c4 Qd7 7. d5 Bxf3 8. Bxf3 Ne5 9. Be2 e6 10. Nc3 Nf6 11. Bg5 Bb4 12. Qb3 Bxc3+ 13. Qxc3 Ng6 14. Bxf6 gxf6 15. O-O Rhg8 16. Qxf6 exd5 17. cxd5 Qxd5 18. Bf3 Qe5 19. Qxe5 Nxe5 20. Be4 h6 21. Rad1 c6 22. g3 Kc7 23. Kg2 a5 24. h3 b5 25. b3 Kb6 26.
f4 Ng6 27. Kf3 c5 28. Rd5 Ne7 29. Rh5 Rd6 30. Rc1 Rc8 31. Re5 Nc6 32. Bxc6 Rcxc6 33. g4 Rd3+ 34. Re3 Rd2 35. a4 bxa4 36. bxa4 c4 37.
Rec3 Rd4 38. Ke3 Kc5 39. Rb1 Re6+ 40. Kf3 Rd3+ 41. Rxd3 cxd3 42. Rb5+ Kc4 43. Rb8 d2 44. Rd8 Kc3 45. g5 hxg5 46. fxg5 Kc2 47. Rc8+ Kd1 48. Rd8 Ke1 49. h4 d1=Q+ 0-1

[Event "Early-Titled-Tuesday-Blitz-March-19-2024"]
[Site "Chess.com"]
[Date "2024.03.19"]
[Round "1"]
[White "Mops_2004"]
[Black "IPAchess"]
[Result "1-0"]
[WhiteElo "2741"]
[BlackElo "2403"]
[TimeControl "180+1"]
[EndTime "8:07:41 PDT"]
[Termination "Mops_2004 won by resignation"]

1. e4 e5 2. Nf3 Nc6 3. Bc4 Bc5 4. d3 Nf6 5. Nc3 h6 6. h3 a6 7. a4 d6 8. Be3 Bxe3 9. fxe3 O-O 10. O-O Be6 11.
Nd2 Ne7 12. Rxf6 gxf6 13. Qh5 Kh7 14. Rf1 Ng6 15. Nd5 Bxd5 16. exd5 f5 17. Rxf5 Qh4 18. Qf3 Kg7 19. Ne4 Rae8 20. Nf6 Re7 21. g3 Qxh3 22.
d4 exd4 23. Bf1 Nh4 24. Nh5+ Kh7 25. Bxh3 Nxf3+ 26. Rxf3 Rxe3 27. Bf5+ Kg8 28. Rxe3 dxe3 29. Kf1 f6 30. Bg6 Rd8 31. Ke2 f5 32. Kxe3 Kf8 33.
Kf4 Ke7 34. Bxf5 Rf8 35. g4 c6 36. c4 cxd5 37. cxd5 b5 38. a5 Rb8 39. b4 Rb7 40. Bc8 Ra7 41. Ng3 Ra8 42. Bb7 Ra7 43. Bc6 Kf6 44. Ne4+ Ke7 45. Kf5 Rc7 46. Kg6 Rc8 47. Kxh6 Kf7 48. Nxd6+ 1-0

[Event "Early-Titled-Tuesday-Blitz-March-19-2024"]
[Site "Chess.com"]
[Date "2024.03.19"]
[Round "1"]
[White "TitarovVasiliYouTube"]
[Black "Dyadya81"]
[Result "0-1"]
[WhiteElo "2531"]
[BlackElo "2952"]
[TimeControl "180+1"]
[EndTime "8:07:42 PDT"]
[Termination "Dyadya81 won by resignation"]

1. e4 c6 2. d4 d5 3. exd5 cxd5 4. Bd3 Nf6 5. c3 Bg4 6. Nf3 Qc7 7. Be3 Nc6 8. Nbd2 e6 9. O-O Bd6 10. Qc2 O-O 11.
Bg5 Kh8 12. Bh4 Rac8 13. a3 Ne7 14. Bg3 Bf5 15. Rfe1 Bxd3 16. Qxd3 Ng6 17. Bxd6 Qxd6 18. g3 a6 19. Ne5 Nd7 20. f4 Ndxe5 21. fxe5 Qb6 22.
Rab1 f5 23. Nf3 h6 24. Kg2 a5 25. a4 Rc4 26. b3 Rc7 27. c4 Ne7 28. c5 Qc6 29.
Qb5 Ra8 30. Ra1 Qd7 31. h4 Nc6 32. Qd3 Nb4 33. Qd2 Qf7 34. Rac1 Qh5 35. Rc3 Rac8 36. Qf4 b6 37. Qe3 Qg4 38. Nh2 Qe4+ 39. Qxe4 dxe4 40. Nf1 Nd5 41. Rc2 bxc5 42. Rec1 cxd4 43. Rxc7 Rxc7 44. Rxc7 Nxc7 45. Nd2 Nd5 46. Nc4 d3 47.
Kf2 d2 48. Ke2 e3 49. Nxe3 Nxe3 50. Kxd2 Nd5 51. Kd3 g5 52. hxg5 hxg5 53. Kc4 f4 54.
gxf4 gxf4 0-1

[Event "Early-Titled-Tuesday-Blitz-March-19-2024"]
[Site "Chess.com"]
[Date "2024.03.19"]
[Round "1"]
[White "AsaHoffmann"]
[Black "PeshkaCh"]
[Result "0-1"]
[WhiteElo "2448"]
[BlackElo "2821"]
[TimeControl "180+1"]
[EndTime "8:07:43 PDT"]
[Termination "PeshkaCh won on time"]

1. d4 Nf6 2. Bg5 Ne4 3. Bf4 c5 4. f3 Nf6 5. dxc5 Qa5+ 6. Nc3 Qxc5 7. e4 d6 8. Qd2 Nc6 9. Nb5 Qb6 10. Be3 Qd8 11. c4 g6 12. Be2 Bg7 13. O-O-O Be6 14.
Nd4 Nxd4 15. Bxd4 Rc8 16. Qb4 O-O 17. Kb1 Qc7 18. Rc1 d5 19. e5 Nh5 20. Nh3 Bxe5 21. c5 Bxh3 22. gxh3 Nf4 23. Rhe1 Bxd4 24. Qxd4 e5 25. Qd2 Qe7 26. Qb4 b6 27. Bf1 Rc7 28. Qd2 bxc5 29. h4 h5 30. a3 Re8 31. Rc3 Qxh4 32.
Rce3 Qf6 33. h4 c4 34. Qa5 Rb7 35. Qa4 Reb8 36. b4 e4 37. fxe4 d4 38. e5 Qf5+ 39.
Qc2 Qxc2+ 40. Kxc2 dxe3 41. Rxe3 a5 42. Bxc4 axb4 43.
a4 Ne6 44. a5 b3+ 45. Kb2 Nc5 46. a6 Ra7 47. e6 fxe6 0-1

[Event "Early-Titled-Tuesday-Blitz-March-19-2024"]
[Site "Chess.com"]
[Date "2024.03.19"]
[Round "1"]
[White "Bala-Afiada"]
[Black "ExtremeLearner"]
[Result "0-1"]
[WhiteElo "1862"]
[BlackElo "2579"]
[TimeControl "180+1"]
[EndTime "8:07:44 PDT"]
[Termination "ExtremeLearner won by resignation"]

1. d4 Nf6 2. c4 e6 3. g3 d5 4. Nf3 Bb4+ 5. Bd2 a5 6. Bg2 O-O 7. O-O dxc4 8. Ne5 Qxd4 9. Bxb4 Qxd1 10. Rxd1 axb4 11. a3 Nbd7 12. Nxc4 Nc5 13. Nbd2 bxa3 14.
Rxa3 Rxa3 15. bxa3 Rd8 16. Nb2 b6 17. Ndc4 Rxd1+ 18. Nxd1 Ba6 19. Ndb2 Nfe4 20. e3 Nc3 21. Bf1 f6 22.
Nd2 Bxf1 23. Kxf1 Nb5 24. Nbc4 Kf7 25. Ke2 e5 26. f3 Ke6 27. e4 g6 28. Ke3 f5 29. h4 Nd4 30. Nb1 Nc2+ 31. Kd2 Nd4 32. Ke3 b5 33. Ncd2 Nc2+ 34. Ke2 Nd4+ 35. Ke3 c6 36. Nc3 Nc2+ 37. Ke2 Nxa3 38. exf5+ gxf5 39. g4 Nc2 40. gxf5+ Kxf5 41. Nde4 Nd4+ 42. Ke3 Nxe4 43.
Nxe4 b4 44. Nc5 b3 45. Nd3 c5 46. Nb2 Ke6 47. Nc4 Kd5 48. Nb2 c4 49. f4 exf4+ 50. Kxf4 c3 51. Nd3 b2 52. Nxb2 cxb2 0-1

[Event "Early-Titled-Tuesday-Blitz-March-19-2024"]
[Site "Chess.com"]
[Date "2024.03.19"]
[Round "1"]
[White "francyIM"]
[Black "Tol_Tol"]
[Result "1-0"]
[WhiteElo "2831"]
[BlackElo "2454"]
[TimeControl "180+1"]
[EndTime "8:07:45 PDT"]
[Termination "francyIM won on time"]

1. e4 c5 2. Nf3 Nc6 3. Bb5 e6 4. Bxc6 bxc6 5. b3 Ne7 6. Bb2 Ng6 7. h4 h5 8. e5 f6 9. Qe2 Kf7 10. Na3 d5 11. exd6 Nf4 12. Qf1 Bxd6 13. O-O-O e5 14. Nc4 Be6 15. g3 Nd5 16. Qg2 a5 17. a4 Nb4 18. d3 Bd5 19. Rhe1 Bc7 20. Re3 Rb8 21. Qf1 Qd7 22. Nfd2 g6 23. Ne4 Qe7 24. f4 Bxe4 25. Rxe4 Kg7 26. fxe5 f5 27. e6+ Kh7 28. Re3 Nd5 29. Rf3 Qxe6 30. Re1 Qf7 31. Ne5 Bxe5 32. Bxe5 Rhe8 33. Bxb8 Rxb8 34. Qe2 Qf6 35. Qe5 Qf7 36. Rff1 Rb7 37. Qe6 Qg7 38. Qe5 Qf7 39. Kd2 Re7 40.
Qd6 Rc7 41. Qxc5 Qg7 42. Rf3 Qh6+ 43. Kd1 Rd7 44. Qxc6 Qg7 45. Qc5 Nc3+ 46. Kc1 Na2+ 47. Kd2 Nb4 48. Rf4 Rc7 49. Qe5 Rxc2+ 50. Kd1 Qd7 51. Qe7+ Qxe7 52. Rxe7+ Kh6 53. Rxb4 axb4 54. Kxc2 1-0

[Event "Early-Titled-Tuesday-Blitz-March-19-2024"]
[Site "Chess.com"]
[Date "2024.03.19"]
[Round "1"]
[White "JaackCamel"]
[Black "KChor05"]
[Result "0-1"]
[WhiteElo "2205"]
[BlackElo "2613"]
[TimeControl "180+1"]
[EndTime "8:07:45 PDT"]
[Termination "KChor05 won by checkmate"]

1. d4 Nf6 2. c4 g6 3. Nc3 Bg7 4. e4 d6 5. Nf3 O-O 6. Be2 e5 7. Be3 Na6 8. d5 Ng4 9. Bg5 f6 10. Bh4 g5 11. Bg3 f5 12. Nd2 Nh6 13. f3 g4 14. Qc2 Nb4 15. Qb3 a5 16. O-O-O f4 17. Bf2 Qg5 18. Kb1 Bd7 19. Rc1 Kh8 20. c5 g3 21. Bg1 dxc5 22. Bxc5 Rf7 23. Nc4 Na6 24. Bg1 a4 25. Qc2 gxh2 26. Rxh2 b5 27. Na5 b4 28. Nxa4 Rf6 29. Nc6 Raf8 30. Nc5 Nxc5 31. Bxc5 Re8 32. Ne7 Nf7 33. Rch1 h6 34. Nf5 Bxf5 35. exf5 Nd6 36. Bd3 Nxf5 37. Bxf5 Qxf5 38. Qxf5 Rxf5 39. Bxb4 e4 40. fxe4 Rxe4 41.
Bc3 Bxc3 42. Rxh6+ Kg7 43. Rh7+ Kf6 44. bxc3 Rxd5 45. Rxc7 Rd2 46. Rh5 Re1# 0-1

[Event "Early-Titled-Tuesday-Blitz-March-19-2024"]
[Site "Chess.com"]
[Date "2024.03.19"]
[Round "1"]
[White "Kopytkin"]
[Black "bubeliang"]
[Result "0-1"]
[WhiteElo "2436"]
[BlackElo "2802"]
[TimeControl "180+1"]
[EndTime "8:07:47 PDT"]
[Termination "bubeliang won on time"]

1. d4 d5 2. Bg5 f6 3. Bf4 c5 4. e3 Nc6 5. Nf3 Bg4 6. Be2 e6 7. O-O Bd6 8. dxc5 Bxc5 9. h3 Bxf3 10. Bxf3 Nge7 11. c4 O-O 12. cxd5 Nxd5 13. Bxd5 Qxd5 14. Qxd5 exd5 15. Nc3 Rfd8 16. Rfd1 d4 17. exd4 Bxd4 18. Rac1 Kf7 19. Kf1 Bxc3 20. bxc3 b6 21. Be3 Na5 22. Ke2 Nc4 23. Rd4 Rxd4 24. Bxd4 b5 25. Kd3 a6 26. Re1 Rd8 27. f4 f5 28. Re2 Rd6 29. a4 g6 30. axb5 axb5 31. Kc2 Re6 32. Be5 Ra6 33. Kb3 Ra4 34. Bd4 Na5+ 35. Kc2 Ra2+ 36. Kd3 Rxe2 37.
Kxe2 Ke6 38. Kd3 Kd5 39. Bf6 Nc4 40. Bd4 Nd6 41. Be5 Ne4 42. g4 Nc5+ 43. Kc2 Kc4 44. gxf5 gxf5 45. h4 h5 46. Bf6 Ne4 47. Be5 Nc5 48.
Kd2 Nd3 49. Bd6 Nf2 50. Be5 Ng4 51. Ke2 Nh6 52. Ke3 Nf7 53. Bd4 Nd6 54. Kd2 b4 55.
Be5 Ne4+ 56. Kc2 b3+ 57. Kb2 Nc5 58. Bd4 Na4+ 59. Ka3 Nxc3 60. Bxc3 Kxc3 0-1

[Event "Early-Titled-Tuesday-Blitz-March-19-2024"]
[Site "Chess.com"]
[Date "2024.03.19"]
[Round "1"]
[White "InitiatingASC"]
[Black "ChessSwole"]
[Result "0-1"]
[WhiteElo "2352"]
[BlackElo "2703"]
[TimeControl "180+1"]
[EndTime "8:07:47 PDT"]
[Termination "ChessSwole won on time"]

1. d4 Nf6 2. c4 b6 3. Nc3 Bb7 4. Nf3 e6 5. Bg5 Bb4 6. e3 h6 7. Bxf6 Qxf6 8. Be2 O-O 9. O-O c5 10.
Qb3 Nc6 11. a3 cxd4 12. axb4 dxc3 13. bxc3 Rfc8 14. Rfd1 Rc7 15. Ra2 Rac8 16. Rad2 Qe7 17. Qa4 a5 18. c5 bxc5 19. b5 Nb8 20. Qxa5 d5 21. Ne5 c4 22. Rb2 Qd6 23. Nf3 Qc5 24.
Ne5 f6 25. Ng6 Nc6 26. Qa1 Ra8 27. Qb1 Na5 28. Bg4 Qd6 29. Nf4 Re7 30. Qg6 Nb3 31.
Nh5 Kh8 32. Nxf6 gxf6 33. Qxh6+ Kg8 34. Qxf6 Qd7 35. Qg6+ Kh8 36. Qh6+ Rh7 37. Qf6+ Qg7 38. Qxe6 Bc8 39. Qxd5 Bb7 40. Qe6 Rg8 41. h3 Bc8 42. Qxc4 Bxg4 43. Qxg4 Qxc3 44. Rxb3 Qxb3 45. Qd4+ Rgg7 46.
Qd8+ Qg8 0-1

[Event "Early-Titled-Tuesday-Blitz-March-19-2024"]
[Site "Chess.com"]
[Date "2024.03.19"]
[Round "1"]
[White "wannabe2700"]
[Black "ritanovikova"]
[Result "1-0"]
[WhiteElo "2614"]
[BlackElo "2214"]
[TimeControl "180+1"]
[EndTime "8:07:50 PDT"]
[Termination "wannabe2700 won on time"]

1. b3 Nf6 2. Bb2 g6 3. Nf3 Bg7 4. g3 O-O 5. Bg2 d6 6. d4 Nbd7 7. O-O Re8 8. c4 c6 9. Nc3 Qc7 10. Qc2 e5 11. dxe5 dxe5 12. e3 a5 13. Rfd1 h6 14.
Ba3 b6 15. Nd2 Bb7 16. Nde4 Nxe4 17. Nxe4 Nf6 18. Nd6 Red8 19. c5 b5 20. Rd2 Ne8 21. Rad1 Nxd6 22. cxd6 Qd7 23. Bc5 Qe6 24. a4 Rd7 25.
Bb6 b4 26. Bc7 Ra6 27. Bf1 Ra8 28. Bc4 Qh3 29. Qe4 Kh7 30. Bb5 f5 31. Qh1 cxb5 32.
Qxb7 Rf8 33. axb5 f4 34. Qg2 Qh5 35. b6 f3 36. Qf1 e4 37. Rd5 g5 38. b7 Qg6 39. b8=Q Rxb8 40. Bxb8 h5 41. Rxa5 h4 42. Qh3 Bf6 43. Qf5 Kh6 44. Qxd7 hxg3 45. Qh3+ Kg7 46. hxg3 g4 47. Qh5 1-0

[Event "Early-Titled-Tuesday-Blitz-March-19-2024"]
[Site "Chess.com"]
[Date "2024.03.19"]
[Round "1"]
[White "RebelJohnny"]
[Black "GMBenjaminBok"]
[Result "0-1"]
[WhiteElo "2534"]
[BlackElo "2967"]
[TimeControl "180+1"]
[EndTime "8:07:51 PDT"]
[Termination "GMBenjaminBok won on time"]

1. f4 d5 2. Nf3 g6 3. g3 Bg7 4. Bg2 Nf6 5. O-O O-O 6. d3 c5 7. c3 Nc6 8. Na3 b6 9. Qa4 Bb7 10. e4 Qd7 11. exd5 Nxd5 12. Nc4 e6 13. Qc2 b5 14.
Nce5 Nxe5 15. Nxe5 Qc7 16. Re1 Rfd8 17. Bd2 a5 18. Qb3 b4 19. a3 a4 20. Qc2 bxc3 21. bxc3 Ne7 22. Bxb7 Qxb7 23. Rab1 Qa6 24. Nc4 Nd5 25.
Red1 h5 26. Ne3 Qc6 27. Nxd5 Rxd5 28. Be3 Rad8 29. Qg2 Qa6 30. c4 Rxd3 31. Rxd3 Rxd3 32. Bxc5 Qxc4 33. Bb4 Rb3 34. Rd1 Rb2 35. Qa8+ Kh7 36. Qf3 Qc2 37. Rd2 Qb1+ 38. Rd1 Qa2 39. h4 Rb3 40.
Qf2 Rb2 41. Qf3 Qb3 42. Rf1 Qc2 43. Qh1 Bd4+ 0-1

[Event "Early-Titled-Tuesday-Blitz-March-19-2024"]
[Site "Chess.com"]
[Date "2024.03.19"]
[Round "1"]
[White "valeriocarnicelli"]
[Black "Chopper1905"]
[Result "0-1"]
[WhiteElo "2533"]
[BlackElo "2962"]
[TimeControl "180+1"]
[EndTime "8:07:51 PDT"]
[Termination "Chopper1905 won by checkmate"]

1. e4 c5 2. Nf3 d6 3. d4 cxd4 4.
Nxd4 Nf6 5. Nc3 Nc6 6. Bg5 Bd7 7. Qd2 a6 8. O-O-O e6 9. f4 Be7 10. h4 h6 11. Bxf6 Bxf6 12. Nxc6 Bxc6 13. g4 Bxh4 14. Bg2 Be7 15. Qd4 Rg8 16. Kb1 Qa5 17.
a3 O-O-O 18. Rh5 Qc7 19. Qa7 Bf6 20. Rd3 Rh8 21. a4 g5 22. fxg5 hxg5 23. Rdh3 Rxh5 24. gxh5 Be5 25. Qf2 g4 26. Rh1 g3 27. Qe3 Rh8 28.
h6 Qa5 29. h7 Qb4 30. Kc1 Qc5 31. Qg5 Bxc3 32. Qg8+ Kc7 33. bxc3 Qxc3 34. Qxf7+ Kb6 35. Qxe6 Qa1+ 36. Kd2 Qd4+ 37. Kc1 Ka7 38. a5 Qa1+ 39. Kd2 Qxa5+ 40. Kc1 Qa1+ 41. Kd2 Qd4+ 42. Kc1 Qf2 43. Qh3 Ba4 44. Kb2 Qxc2+ 45. Ka1 Qc3+ 46. Kb1 Bc2+ 47. Ka2 Qb3+ 48. Ka1 Qa3# 0-1